 Dungeon Crawl Stone Soup version 0.29-a0-2-g12fcac58f8 (webtiles) character file.

Game seed: 3359841623801294160

27987 dohliylev the Warrior (level 13, -4/130 HPs)
             Began as a Minotaur Berserker on Jan 26, 2022.
             Was a Priest of Trog.
             Slain by a two-headed ogre (7 damage)
             ... on level 2 of the Orcish Mines.
             The game lasted 00:33:07 (15848 turns).

dohliylev the Warrior (Minotaur Berserker)         Turns: 15848, Time: 00:33:09

Health: -4/130     AC: 14    Str: 30    XL:     13   Next: 7%
Magic:  12/12      EV: 16    Int:  4    God:    Trog [***...]
Gold:   1372       SH:  5    Dex: 15    Spells: 12/12 levels left

rFire   + . .      SeeInvis .   J - +0 war axe
rCold   + . .      Faith    .   (no shield)
rNeg    . . .      Spirit   .   l - +3 ring mail "Osha" {Drain rPois Str+4 Stlth+}
rPois   +          Reflect  +   G - +1 hat
rElec   .          Harm     .   n - +2 cloak {Will+}
rCorr   .          Rampage  .   w - +0 pair of gloves
Will    +++..                   (no boots)
Stlth   ++........              x - amulet of Immorality {Reflect +Blink Dex+4 SH+5}
HPRegen 1.31/turn               r - ring of protection from fire
MPRegen 0.13/turn               u - ring of protection from cold

@: marked, strong-willed, regenerating
A: horns 2, retaliatory headbutt
a: Renounce Religion, Evoke Blink, Berserk, Trog's Hand


You were on level 2 of the Orcish Mines.
You worshipped Trog.
Trog was most pleased with you.
You visited 2 branches of the dungeon, and saw 13 of its levels.
You also visited: Ossuary and Bailey.

You collected 1372 gold pieces.

Inventory:

Hand Weapons
 J - a +0 war axe (weapon)
Armour
 l - the +3 ring mail "Osha" (worn) {Drain rPois Str+4 Stlth+}
   (You found it on level 4 of the Dungeon)

   Str:       It affects your strength (+4).
   rPois:     It protects you from poison.
   Drain:     It drains your maximum health when unequipped.
   Stlth:     It makes you more stealthy.
 n - a +2 cloak of willpower (worn)
 v - a +1 chain mail of fire resistance
 w - a +0 pair of gloves (worn)
 G - a +1 hat (worn)
Jewellery
 e - a ring of flight
 g - a ring of protection from cold
 r - a ring of protection from fire (left hand)
 u - a ring of protection from cold (right hand)
 x - the amulet of Immorality (around neck) {Reflect +Blink Dex+4 SH+5}
   (You found it on level 5 of the Dungeon)

   [amulet of reflection]

   It reflects blocked missile attacks.
   Dex:       It affects your dexterity (+4).
   +Blink:    It lets you blink.
   SH:        It affects your SH (+5).
Wands
 j - a wand of digging (2)
Scrolls
 a - a scroll of holy word
 f - 2 scrolls of summoning {unknown}
 h - a scroll of enchant armour
 i - 4 scrolls of fear
 q - 2 scrolls of teleportation
 y - a scroll of immolation {unknown}
 z - 6 scrolls of magic mapping
 A - 2 scrolls of noise {unknown}
 B - a scroll of acquirement {unknown}
 D - 2 scrolls of torment {unknown}
 E - a scroll of enchant weapon
 F - 6 scrolls of identify
 H - a scroll of fog {unknown}
 K - a scroll of silence
Potions
 b - 3 potions of attraction {unknown}
 c - a potion of invisibility {unknown}
 d - 2 potions of magic {unknown}
 k - 3 potions of degeneration {unknown}
 m - 2 potions of flight {unknown}
 o - a potion of ambrosia {unknown}
 p - 6 potions of curing {unknown}
 s - 5 potions of lignification {unknown}
 t - 4 potions of heal wounds {unknown}
 C - 2 potions of brilliance {unknown}
 I - a potion of mutation {unknown}


   Skills:
 + Level 16.9 Fighting
 - Level 16.0 Axes
 - Level 5.0 Armour
 + Level 10.9 Dodging
 - Level 5.1 Shields


You had 12 spell levels left.
You didn't know any spells.
Your spell library was empty.

Dungeon Overview and Level Annotations

Branches:
Dungeon (11/15)            Temple (0/1) D:5            Lair (0/6) D:11
    Orc (2/2) D:11            Elf (0/3) Orc:2       Ossuary (visited)
 Bailey (visited)

Altars:
Kikubaaqudgha
Nemelex Xobeh
Trog
Wu Jian
Xom
Zin

Shops:
D:8 :   Orc:2 !


Innate Abilities, Weirdness & Mutations

You have a pair of horns on your head.
You reflexively headbutt those who attack you in melee.


Message History

Your polar bear dies!
Your polar bear's corpse disappears in a puff of smoke!
As you read the scroll of teleportation, it crumbles to dust.
You feel strangely unstable.
You feel yourself speed up.
An ogre comes into view. It is wielding a +0 giant club.
Your surroundings suddenly seem different.
You start resting.
A two-headed ogre is nearby!
Okay, then.
Your skin crawls.
You feel strong-willed. The two-headed ogre closely misses you.
The two-headed ogre hits you with a +0 giant club!
* * * LOW HITPOINT WARNING * * *
You hit the two-headed ogre.
The two-headed ogre is lightly wounded.
You slice the two-headed ogre!!
The two-headed ogre is heavily wounded.
You recover from your berserk rage.
The two-headed ogre closely misses you.
The two-headed ogre hits you with a +0 giant club!
* * * LOW HITPOINT WARNING * * *
You hit the two-headed ogre but do no damage.
You headbutt the two-headed ogre.
The two-headed ogre is heavily wounded.
You hit the two-headed ogre.
The two-headed ogre is heavily wounded.
The two-headed ogre hits you but does no damage.
You block the two-headed ogre's attack.
You barely miss the two-headed ogre.
The two-headed ogre is heavily wounded.
Unknown command.
You slash the two-headed ogre!
Your headbutt misses the two-headed ogre.
The two-headed ogre is severely wounded.
The two-headed ogre hits you with a +0 giant club!
* * * LOW HITPOINT WARNING * * *
The two-headed ogre hits you with a +0 giant club!
You die...

.O...O.).....oO.O.......
.....#.#).....#)COT.....
... ###....#####....#..
o #########........ ##
##...##.....
#.##).)###.....
####..##))# #.....
#...#..#))# ##....
#@####.)..## #.#..
##O.#).).#.####...
#......###.# ##..
#.....###.#### #...
#..#..# ..# ##.# #..
##.. ### ### #. ##.# .
##


You could see a two-headed ogre.

Vanquished Creatures
  A fire giant (D:11)
  A fire dragon (D:11)
  A hydra (D:11)
  2 yaktaur captains (D:11)
  An ogre mage (Orc:2)
  7 two-headed ogres
  5 skeletal warriors (D:11)
  A deep troll (Orc:2)
  The ghost of Armakuni the Destroyer, a novice HuCj of Vehumet (D:6)
  2 orc knights
  A deep elf pyromancer (Bailey)
  3 orc sorcerers
  A cyclops (Orc:2)
  Psyche (D:11)
  2 kobold demonologists (D:11)
  8 trolls
  6 yaks (D:8)
  2 wraiths (D:9)
  A wyvern (D:10)
  7 wargs
  2 water moccasins
  An acid dragon (D:10)
  14 orc warriors
  2 ice beasts (D:6)
  A hornet zombie (D:8)
  A sky beast (D:7)
  16 ogres
  A necrophage (D:5)
  7 centaurs
  4 kobold brigands
  3 elf zombies (Ossuary)
  Blork the orc (D:4)
  4 bullfrogs
  3 scorpions (D:8)
  A wyvern skeleton (D:7)
  A water moccasin skeleton (D:7)
  22 killer bees
  3 howler monkeys (D:10)
  12 orc priests
  2 jellies
  2 centaur zombies
  5 hounds
  A bullfrog skeleton (D:7)
  Crazy Yiuf (D:2)
  Natasha (thrice) (D:2)
  14 orc wizards
  A killer bee zombie (D:3)
  A hound zombie (Ossuary)
  4 mummies (Ossuary)
  A howler monkey zombie (D:9)
  8 adders
  4 shadow imps
  A white imp (D:7)
  2 ufetubi (D:6)
  An adder zombie (Ossuary)
  3 worms
  2 dart slugs
  47 orcs
  6 bats
  10 endoplasms
  9 giant cockroaches
  A gnoll zombie (Ossuary)
  11 goblins
  14 hobgoblins
  13 jackals
  6 ball pythons
  2 frilled lizards (D:2)
  A goblin zombie (Ossuary)
  A jackal skeleton (D:4)
  A jackal zombie (Ossuary)
  22 kobolds
  A kobold zombie (Ossuary)
  2 orc zombies (Ossuary)
  9 rats
  A rat zombie (Ossuary)
366 creatures vanquished.

Vanquished Creatures (collateral kills)
  A two-headed ogre (Orc:2)
  A troll (Orc:2)
  A vampire (D:9)
  An ogre (Orc:2)
4 creatures vanquished.

Vanquished Creatures (others)
  A wizard (D:9)
  A kobold brigand (D:8)
  3 kobolds (D:8)
  18 fungi (D:8)
23 creatures vanquished.

Grand Total: 393 creatures vanquished

Notes
Turn   | Place    | Note
-------+----------+-------------------------------------------
     0 | D:1      | dohliylev the Minotaur Berserker began the quest for the
                  | Orb.
     0 | D:1      | Reached XP level 1. HP: 19/19 MP: 0/0
     0 | D:1      | Noticed a jelly
     1 | D:1      | Found a runed translucent door.
   274 | D:1      | Reached XP level 2. HP: 23/27 MP: 1/1
   314 | D:1      | You fall into a shaft and drop 1 floor!
   683 | D:1      | Found a faded altar of an unknown god.
   718 | D:1      | Reached XP level 3. HP: 33/33 MP: 2/2
  1094 | D:1      | Reached XP level 4. HP: 36/41 MP: 3/3
  1100 | D:1      | Reached ** piety under Trog
  1246 | D:2      | Reached skill level 5 in Axes
  1352 | D:2      | Noticed Natasha
  1356 | D:2      | Killed Natasha
  1357 | D:2      | Reached skill level 5 in Fighting
  1651 | D:2      | Found a runed translucent door.
  1652 | D:2      | Noticed Crazy Yiuf
  2009 | D:2      | Reached XP level 5. HP: 48/48 MP: 4/4
  2052 | D:2      | Noticed Natasha
  2058 | D:2      | Killed Natasha
  2450 | D:2      | Killed Crazy Yiuf
  2598 | D:2      | Noticed Natasha
  2603 | D:2      | Killed Natasha
  2696 | D:3      | Found a sparkling altar of Nemelex Xobeh.
  2730 | D:3      | Reached XP level 6. HP: 56/56 MP: 5/5
  3052 | D:3      | Reached *** piety under Trog
  3228 | D:3      | Found a glowing silver altar of Zin.
  3449 | D:4      | Noticed Blork the orc
  3455 | D:4      | Killed Blork the orc
  3472 | D:4      | Identified the +0 scale mail of Calug {Slay+3}
  3491 | D:4      | Identified the +3 ring mail "Osha" {Drain rPois Str+4
                  | Stlth+}
  4054 | D:4      | Reached XP level 7. HP: 60/62 MP: 6/6
  4222 | D:5      | Entered Level 5 of the Dungeon
  4337 | D:5      | Identified the amulet of Immorality {Reflect +Blink Dex+4
                  | SH+5}
  4549 | D:5      | Found a staircase to the Ecumenical Temple.
  5625 | D:6      | Reached skill level 5 in Armour
  5625 | D:6      | Reached XP level 8. HP: 71/71 MP: 7/7
  5673 | D:6      | Found a runed translucent door.
  5677 | D:6      | Noticed Armakuni's ghost (novice HuCj)
  5702 | D:6      | Killed Armakuni's ghost
  5703 | D:6      | Reached skill level 10 in Axes
  5742 | D:6      | Found a runed translucent door.
  6522 | D:7      | Reached XP level 9. HP: 51/80 MP: 3/8
  7204 | D:7      | Found a shimmering altar of Xom.
  7208 | D:7      | Found an ornate altar of the Wu Jian Council.
  7213 | D:7      | Found an ancient bone altar of Kikubaaqudgha.
  7720 | D:8      | Identified the ring "Yplut" {Wiz rN+}
  7733 | D:8      | Reached **** piety under Trog
  7759 | D:8      | Found a flagged portal.
  7779 | Bailey   | Entered a bailey
  7821 | Bailey   | Found a large runed translucent door.
  7821 | Bailey   | Found a large runed translucent door.
  7859 | Bailey   | Noticed a deep elf pyromancer
  7874 | Bailey   | Noticed an orc knight
  7896 | Bailey   | Killed an orc knight
  7897 | Bailey   | Reached skill level 5 in Dodging
  7897 | Bailey   | Reached skill level 1 in Shields
  8190 | Bailey   | Killed a deep elf pyromancer
  8326 | D:8      | Found a sand-covered staircase.
  8330 | Ossuary  | Entered an ossuary
  8345 | Ossuary  | Reached XP level 10. HP: 91/91 MP: 9/9
 10077 | D:8      | Found Pischas's Book Shoppe.
 10186 | D:8      | Reached skill level 10 in Fighting
 10803 | D:9      | Found a bloodstained altar of Trog.
 10881 | D:9      | Noticed a wizard
 10886 | D:9      | Killed a wizard
 10903 | D:9      | Identified the +1 chain mail of Bedazzling Salvation {Will+
                  | Int+9 Dex-4 Stlth+}
 11217 | D:10     | Entered Level 10 of the Dungeon
 11350 | D:10     | Noticed a two-headed ogre
 11359 | D:10     | Killed a two-headed ogre
 11360 | D:10     | Reached XP level 11. HP: 94/102 MP: 10/10
 12024 | D:11     | Noticed Psyche
 12033 | D:11     | Killed Psyche
 12038 | D:11     | Reached skill level 5 in Shields
 12133 | D:11     | Reached skill level 15 in Axes
 12245 | D:11     | Found a staircase to the Orcish Mines.
 12245 | D:11     | Noticed a skeletal warrior
 12245 | D:11     | Noticed a skeletal warrior
 12245 | D:11     | Noticed a skeletal warrior
 12249 | D:11     | Noticed a skeletal warrior
 12250 | D:11     | Noticed a skeletal warrior
 12854 | D:11     | Found a staircase to the Lair.
 12948 | D:11     | Noticed a two-headed ogre
 12958 | D:11     | Killed a two-headed ogre
 13097 | D:11     | Noticed a fire dragon
 13097 | D:11     | Noticed a fire giant
 13097 | D:11     | Noticed a yaktaur captain
 13097 | D:11     | Noticed a yaktaur captain
 13104 | D:11     | Killed a fire dragon
 13112 | D:11     | Killed a fire giant
 13113 | D:11     | Killed a yaktaur captain
 13116 | D:11     | Killed a yaktaur captain
 13272 | D:11     | Noticed a seven-headed hydra
 13280 | D:11     | Killed an 11-headed hydra
 13830 | D:11     | Killed a skeletal warrior
 13833 | D:11     | Killed a skeletal warrior
 13834 | D:11     | Reached XP level 12. HP: 115/115 MP: 11/11
 14282 | Orc:1    | Entered Level 1 of the Orcish Mines
 14607 | Orc:2    | Entered Level 2 of the Orcish Mines
 14692 | Orc:1    | You fall into a shaft and drop 1 floor!
 14692 | Orc:2    | Noticed a two-headed ogre
 14701 | Orc:2    | Killed a two-headed ogre
 14711 | Orc:2    | Reached skill level 15 in Fighting
 14859 | Orc:2    | Noticed a two-headed ogre
 14863 | Orc:2    | Noticed an ogre mage
 14864 | Orc:2    | Found Enimusat's Distillery.
 14864 | Orc:2    | Noticed a two-headed ogre
 15390 | Orc:2    | Noticed a two-headed ogre
 15398 | Orc:2    | Killed a two-headed ogre
 15399 | Orc:2    | Reached skill level 10 in Dodging
 15444 | Orc:2    | Noticed a two-headed ogre
 15454 | Orc:2    | Killed a two-headed ogre
 15743 | Orc:2    | Found a staircase to the Elven Halls.
 15758 | Orc:2    | Killed a two-headed ogre
 15799 | Orc:2    | Noticed a two-headed ogre
 15805 | Orc:2    | Killed a two-headed ogre
 15818 | Orc:2    | Noticed a two-headed ogre
 15820 | Orc:2    | Killed an ogre mage
 15821 | Orc:2    | Reached XP level 13. HP: 49/130 MP: 12/12
 15848 | Orc:2    | HP: 3/130 [two-headed ogre (13)]
 15848 | Orc:2    | Slain by a two-headed ogre

Illustrated notes

Levels and vault maps discovered:
D:1:      dpeg_arrival_caged_fury, layout_rooms, ebering_ecumenical_altar_rust,
          minmay_misc_feat_plants
D:2:      layout_loops_corners, uniq_natasha, uniq_crazy_yiuf_cottage
D:3:      layout_rooms, zin_scriptorium, lemuel_doored_altar, wad_orctagon
D:4:      layout_gridville, uniq_blork_the_orc
D:5:      layout_layer_cave, minmay_temple_entry_mist
D:6:      layout_basic, ebering_ghost_sewer_f
D:7:      layout_basic, grunt_temple_overflow_diamond, minmay_crystal_room
D:8:      old_forge, layout_basic, nicolae_ossuary_entry_plus, serial_shops,
          shop, enter_bailey_3, lemuel_flamethrower_2
D:9:      minmay_inner_zag, layout_cave_pools, trog_wizard
D:10:     layout_long_grid
D:11:     layout_small_grid, lair_entry_dummy, minmay_orc_entry_guard_dogs,
          minmay_misc_feat_x, minivault_25_ag, uniq_psyche
Orc:1:    nicolae_orc_accident_2, layout_diamond_mine, serial_shops, shop
Orc:2:    st_orc_open, layout_caves, nicolae_orc_stony_grotto,
          nicolae_orc_tapped_out

Skill      XL: |  1  2  3  4  5  6  7  8  9 10 11 12 |
---------------+-------------------------------------+-----
Axes           | 4 5 6 7 9 11 13 14 16 | 16.0
Fighting       | 4 5 6 7 9 11 13 16 | 16.9
Dodging        | 3 4 5 7 8 10 | 10.9
Armour         | 3 5 |  5.0
Shields        | 1 4 5 |  5.1

Action                   |  1- 3 |  4- 6 |  7- 9 | 10-12 | 13-15 || total
-------------------------+-------+-------+-------+-------+-------++-------
Melee: Hand axe          |    63 |   132 |   209 |   104 |       ||   508
       Headbutt          |     6 |    20 |    40 |    86 |     5 ||   157
       Punch             |       |       |     3 |     4 |       ||     7
       War axe           |       |       |       |   335 |    12 ||   347
Invok: Berserk           |     2 |     8 |    10 |    25 |       ||    45
       Trog's Hand       |       |       |     2 |    15 |     1 ||    18
       Brothers in Arms  |       |       |       |     1 |     1 ||     2
  Use: Scroll            |       |       |    10 |     3 |     1 ||    14
 Stab: Sleeping          |     1 |       |     2 |     1 |       ||     4
Armor: Animal skin       |    12 |     1 |       |       |       ||    13
       Ring mail         |       |     7 |    65 |   132 |     2 ||   206
       Chain mail        |       |    32 |       |       |       ||    32
Dodge: Dodged            |    36 |    65 |    97 |   278 |    12 ||   488
Block: Other             |       |       |    18 |    92 |     5 ||   115
       Reflection        |       |       |     5 |     9 |       ||    14

Table legend: (Time is in decaauts)
 A = Elapsed time spent in this place.
 B = Non-inter-level travel time spent in this place.
 C = Inter-level travel time spent in this place.
 D = Time resting spent in this place.
 E = Time spent auto-exploring this place.
 F = Levels seen in this place.
 G = Mean time per level.
                   A        B        C        D        E       F      G
               +--------+--------+--------+--------+--------+-----+--------+
         Total |  16125 |  15382 |    743 |   4703 |   7846 |  15 | 1075.0 |
       Dungeon |  13832 |  13148 |    684 |   3780 |   7223 |  11 | 1257.5 |
  Orcish Mines |   1599 |   1540 |     59 |    703 |    464 |   2 |  799.5 |
       Ossuary |    196 |    196 |      0 |     36 |     51 |   1 |  196.0 |
        Bailey |    497 |    497 |      0 |    184 |    108 |   1 |  497.0 |
               +--------+--------+--------+--------+--------+-----+--------+

Top non-repeatable levels by time:
     D:8: 2041 daAuts
     D:2: 1647 daAuts
    D:10: 1604 daAuts
    D:11: 1543 daAuts
     D:7: 1388 daAuts
     D:5: 1260 daAuts
     D:1: 1097 daAuts
     D:4: 914 daAuts
     D:6: 831 daAuts
   Orc:1: 823 daAuts
     D:9: 819 daAuts
   Orc:2: 775 daAuts
     D:3: 684 daAuts
  Bailey: 497 daAuts
 Ossuary: 196 daAuts
